 Dungeon Crawl Stone Soup version 0.30-a0-374-g95c0257040 (webtiles) character file.

Game seed: 14033965267742497798

3048 themarg the Destroyer (level 9, -2/71 HPs)
             Began as a Yellow Draconian Conjurer on Nov 27, 2022.
             Was a Believer of Vehumet.
             Slain by Pikel
             ... wielding a +2 whip of electrocution
              (8 damage)
             ... on level 8 of the Dungeon.
             The game lasted 00:19:25 (9851 turns).

themarg the Destroyer (Yellow Draconian Conjurer)   Turns: 9851, Time: 00:19:26

Health: -2/71      AC:  7    Str:  9    XL:     9   Next: 57%
Magic:  5/16       EV: 12    Int: 23    God:    Vehumet [**....]
Gold:   427        SH:  0    Dex: 10    Spells: 7/18 levels left

rFire   . . .      SeeInvis +    i - +0 short sword
rCold   . . .      Faith    .    (no shield)
rNeg    . . .      Spirit   .    (body armour unavailable)
rPois   .          Reflect  .    (helmet restricted)
rElec   .          Harm     .    (no cloak)
rCorr   +          Rampage  .    (no gloves)
Will    .....                    (no boots)
Stlth   ++........               (no amulet)
HPRegen 0.31/turn                e - ring of see invisible
MPRegen 0.15/turn                (no ring)

@: no status effects
A: spit acid, AC +7, unfitting armour, cold-blooded, acid resistance
a: Breathe Acid, Renounce Religion


You were on level 8 of the Dungeon.
You worshipped Vehumet.
Vehumet was pleased with you.
You visited 2 branches of the dungeon, and saw 9 of its levels.
You also visited: Sewer.

You collected 427 gold pieces.

Inventory:

Hand Weapons
 d - a +1 dagger of holy wrath
 i - a +0 short sword (weapon)
Missiles
 f - 55 stones
 C - a throwing net
 D - a boomerang
Jewellery
 e - a ring of see invisible (left hand)
 l - an amulet of faith
 u - a +6 ring of strength
 B - an amulet of reflection
Wands
 p - a wand of roots (7)
 E - a wand of polymorph (9)
Scrolls
 c - a scroll of immolation {unknown}
 g - a scroll of torment {unknown}
 j - 10 scrolls of teleportation
 m - a scroll of magic mapping {unknown}
 o - 2 scrolls of noise
 w - a scroll of identify
 x - 2 scrolls of enchant weapon
 y - a scroll of enchant armour
 z - a scroll of amnesia {unknown}
Potions
 a - 2 potions of magic
 b - a potion of attraction
 h - 4 potions of curing
 k - 3 potions of mutation
 n - 2 potions of heal wounds
 q - a potion of resistance
 r - 7 potions of flight
 s - 3 potions of invisibility
 t - 2 potions of ambrosia
 v - 2 potions of berserk rage {unknown}
 A - a potion of brilliance {unknown}
 F - a potion of might {unknown}


   Skills:
 + Level 3.9 Fighting
 + Level 3.8 Dodging
 - Level 3.0 Stealth
 - Level 5.0 Spellcasting
 - Level 10.0 Conjurations
 - Level 3.0 Hexes
 - Level 3.0 Translocations
 + Level 3.4 Transmutations


You had 7 spell levels left.
You knew the following spells:

 Your Spells              Type           Power      Damage    Failure   Level
a - Magic Dart            Conj           100%       1d8       1%          1
b - Searing Ray           Conj           100%       2d8       1%          2
c - Fulminant Prism       Conj/Hex       17%        3d10      6%          4
d - Iskenderun's Mystic   Conj/Tloc      35%        2d8       6%          4

Your spell library contained the following spells:

 Spells                   Type           Power      Damage    Failure   Level
 Momentum Strike          Conj/Tloc      70%        3d9       1%          2
 Dazzling Flash           Conj/Hex       70%        N/A       1%          3
 Sting                    Tmut/Pois      52%        1d5       4%          1
 Poisonous Vapours        Pois/Air       10%        N/A       14%         2
 Sublimation of Blood     Necr           5%         N/A       14%         2
 Irradiate                Conj/Tmut      18%        3d17      17%         5
 Ozocubu's Armour         Ice            5%         N/A       28%         3
 Petrify                  Tmut/Erth      13%        N/A       43%         4
 Olgreb's Toxic Radiance  Pois           5%         N/A       67%         4
 Metabolic Englaciation   Hex/Ice        6%         N/A       80%         5
 Simulacrum               Ice/Necr       2%         N/A       100%        6


Dungeon Overview and Level Annotations

Branches:
Dungeon (8/15)             Temple (1/1) D:5           Sewer (visited)
   Lair: D:8-11

Altars:
Ashenzari
Dithmenos
Fedhas
Gozag
Hepliaklqana
Kikubaaqudgha
Makhleb
Uskayaw
Vehumet
Wu Jian
Xom
The Shining One

Shops:
D:4 ([*   D:8 *

Annotations:
D:2 Sigmund
D:8 1 runed translucent door, Pikel; Zonian's ghost, journeyman DjIE


Innate Abilities, Weirdness & Mutations

You can spit globs of acid.
Your golden yellow scales are hard. (AC +7)
You cannot fit into any form of body armour.
You are cold-blooded and may be slowed by cold attacks.
You are resistant to acid. (rCorr)


Message History

The lemure is severely wounded.
Pikel hits you with a +2 whip of electrocution.
You are electrocuted!!
The searing ray hits Pikel!
Pikel is heavily wounded.
The searing ray misses the lemure.
Pikel hits you with a +2 whip of electrocution!
You are electrocuted!
The searing ray hits Pikel.
Pikel is heavily wounded.
The searing ray hits the lemure.
The lemure is almost dead.
You finish channelling your searing ray.
You hear the loud creaking of a very distant portcullis.
You hear the quick hiss of a very distant avalanche of sand.
Pikel hits you with a +2 whip of electrocution!
You are electrocuted!!
* * * LOW HITPOINT WARNING * * *
Casting: Searing Ray (safe; 1% risk of failure)
Confirm with . or Enter, or press ? or * to list all spells.
You erupt in a blast of force!
The mystic blast hits the lemure!
You kill the lemure!
That felt strangely unrewarding.
The mystic blast hits Pikel.
Pikel is heavily wounded.
Pikel is knocked back by the mystic blast.
You hear a shout!
You hear a croak.
You hear a shout!
Casting: Iskenderun's Mystic Blast (dangerous; 6% risk of failure)
Confirm with . or Enter, or press ? or * to list all spells.
Aiming: Searing Ray (safe; 1% risk of failure)
Press: ? - help, Shift-Dir - straight line, f/p - Pikel
Aim: Pikel, wielding a +2 whip of electrocution and wearing a +0 robe (heavily wounded, 79% to hit)
The searing ray hits Pikel.
Pikel is severely wounded. (Press . to maintain the ray.) Pikel says, "You'll rot in Tartarus!"
The searing ray hits Pikel!
Pikel is almost dead.
A lemure comes into view.
Pikel hits you with a +2 whip of electrocution!
You die...

#...∩≈≈. ##
#.~≈~≈≈. .#
#..≈≈≈^. .. #< .#
## .# .####
######..5.#
#..@K..# #.####.#
##########......#
#...............#..
#........##........
#...~....#...>.....
#...≈~...#......##.
#..~~≈~..#.....##
#..~~≈~.##.....#


You could see Pikel and a lemure.

Vanquished Creatures
  A wyvern (D:7)
  3 yaks
  A water moccasin (D:8)
  2 black bears (D:6)
  An ice beast (D:7)
  2 centaurs
  A lemure (D:8)
  3 bullfrogs
  3 necrophages
  7 killer bees (D:8)
  6 howler monkeys
  2 jellies
  4 hounds
  3 orc priests
  5 iguanas
  Jessica (D:3)
  8 orc wizards
  Natasha (thrice) (D:2)
  14 adders
  3 gnolls (D:6)
  5 river rats (Sewer)
  A white imp (D:5)
  2 worms (Sewer)
  2 dart slugs (D:2)
  21 orcs
  11 endoplasms
  6 giant cockroaches
  7 goblins
  7 hobgoblins
  6 jackals
  9 quokkas
  8 ball pythons
  9 bats
  4 frilled lizards
  4 kobolds
  4 rats
179 creatures vanquished.

Vanquished Creatures (others)
  43 fungi (D:8)
  50 plants (D:8)
93 creatures vanquished.

Grand Total: 272 creatures vanquished

Notes
Turn   | Place    | Note
-------+----------+-------------------------------------------
     0 | D:1      | themarg the Draconian Conjurer began the quest for the Orb.
     0 | D:1      | Reached XP level 1. HP: 14/14 MP: 3/3
   459 | D:1      | Found a faded altar of an unknown god.
   496 | D:1      | Reached XP level 2. HP: 20/20 MP: 1/5
   608 | D:1      | Learned a level 2 spell: Searing Ray
  1226 | D:2      | Noticed Natasha
  1233 | D:2      | Killed Natasha
  1234 | D:2      | Reached XP level 3. HP: 26/26 MP: 0/7
  1602 | D:2      | Noticed Natasha
  1607 | D:2      | Killed Natasha
  1608 | D:2      | Reached XP level 4. HP: 33/33 MP: 3/8
  1969 | D:2      | Noticed Natasha
  1974 | D:2      | Killed Natasha
  2067 | D:2      | Noticed Sigmund
  2877 | D:3      | Reached XP level 5. HP: 38/38 MP: 7/10
  3015 | D:3      | Noticed Jessica
  3022 | D:3      | Killed Jessica
  3023 | D:3      | Reached skill level 5 in Conjurations
  3507 | D:4      | Found a burning altar of Makhleb.
  3661 | D:4      | Reached XP level 6. HP: 45/45 MP: 3/12
  3786 | D:4      | Found Zugysch's Weapon Shop.
  3961 | D:4      | Found Nafap's Armour Emporium.
  4349 | D:4      | Found Cailuula's Lightly-Used Armoury.
  4636 | D:5      | Entered Level 5 of the Dungeon
  4754 | D:5      | Found a staircase to the Ecumenical Temple.
  4766 | Temple   | Entered the Ecumenical Temple
  4773 | Temple   | Became a worshipper of Vehumet
  4876 | D:5      | Reached skill level 6 in Conjurations
  5241 | D:5      | Reached skill level 5 in Spellcasting
  5241 | D:5      | Your scales start taking on a golden yellow colour.
  5241 | D:5      | Reached XP level 7. HP: 31/50 MP: 9/14
  5241 | D:5      | Gained mutation: You are resistant to acid. (rCorr) [Yellow
                  | Draconian growth]
  5511 | D:5      | Reached skill level 7 in Conjurations
  6048 | D:6      | Found a glowing drain.
  6087 | Sewer    | Entered a sewer
  6375 | Sewer    | Reached * piety under Vehumet
  6375 | Sewer    | Offered knowledge of Freeze by Vehumet.
  7105 | D:6      | Found a blossoming altar of Fedhas.
  7175 | D:6      | Reached skill level 8 in Conjurations
  7242 | D:6      | Found a broken altar of Ashenzari.
  7301 | D:6      | Found a shimmering altar of Xom.
  7441 | D:6      | Reached XP level 8. HP: 57/57 MP: 11/15
  7496 | D:6      | Reached skill level 9 in Conjurations
  8254 | D:7      | Reached skill level 1 in Hexes
  8254 | D:7      | Reached skill level 1 in Translocations
  8748 | D:7      | Reached skill level 10 in Conjurations
  9118 | D:7      | Reached XP level 9. HP: 62/62 MP: 7/16
  9288 | D:7      | Learned a level 4 spell: Fulminant Prism
  9293 | D:7      | Learned a level 4 spell: Iskenderun's Mystic Blast
  9314 | D:8      | Found Periheapn's Assorted Antiques.
  9335 | D:7      | Reached skill level 1 in Fighting
  9335 | D:7      | Reached skill level 1 in Transmutations
  9533 | D:8      | Noticed a komodo dragon
  9533 | D:8      | Noticed a komodo dragon
  9646 | D:8      | Reached ** piety under Vehumet
  9653 | D:8      | Offered knowledge of Momentum Strike by Vehumet.
  9669 | D:8      | Found a runed translucent door.
  9670 | D:8      | Found a shimmering altar of Xom.
  9670 | D:8      | Noticed Zonian's ghost (journeyman DjIE)
  9671 | D:8      | Noticed a +0 mace of chaos
  9838 | D:8      | Noticed Pikel
  9851 | D:8      | Slain by Pikel

Illustrated notes

Levels and vault maps discovered:
D:1:      dpeg_arrival_three_same_balls, layout_loops_ring,
          shapermc_ecumenical_altar_mp_highgroup, chequers_serial_rivers_small_a
D:2:      minmay_alternating_diamond, layout_basic, kennysheep_cross_room,
          minmay_misc_feat_iff, dreamdust_wishing_well, uniq_sigmund,
          uniq_natasha
D:3:      layout_basic, hex_medium, kennysheep_jessica_study
D:4:      layout_basic, mainiacjoe_overflow_alcove_2, serial_shops,
          nicolae_shop_bloodbath_and_beyond, nicolae_shop_behind_doors,
          minmay_shop_damaged
D:5:      layout_cave_pods, temple_statues, palyth_stone_intersect
D:6:      lemuel_ice_spiral_2, layout_basic,
          mainiacjoe_overflow_surrounded_room, lemuel_tele_altar,
          mainiacjoe_overflow_alcove_1, gup_sewer_entry_glass
D:7:      layout_loops_corners
D:8:      layout_basic, due_lair_maze_entry_diamond, enter_ossuary_2,
          ebering_ghost_xom, enter_bailey_4, serial_shops,
          nicolae_shop_waterfront, uniq_maggie, uniq_pikel
Temple:   cyrus_circular_temple

Skill      XL: |  1  2  3  4  5  6  7  8  9 |
---------------+----------------------------+-----
Stealth        | 2 3 |  3.0
Spellcasting   | 3 4 5 |  5.0
Conjurations   | 5 6 8 10 | 10.0
Hexes          | 3 |  3.0
Translocations | 3 |  3.0
Dodging        | 3 |  3.8
Fighting       | 3 |  3.9
Transmutations | 3 |  3.4

Action                   |  1- 3 |  4- 6 |  7- 9 || total
-------------------------+-------+-------+-------++-------
Melee: Unarmed           |    13 |       |       ||    13
       Tailslap          |     4 |       |     1 ||     5
       Short sword       |     7 |     1 |     4 ||    12
 Cast: Magic Dart        |    45 |    73 |    49 ||   167
       Searing Ray       |     2 |    30 |    62 ||    94
       Iskenderun's Myst |       |       |     9 ||     9
  Use: Scroll            |       |     7 |     3 ||    10
Armor: Skin              |     8 |     4 |    33 ||    45
Dodge: Dodged            |    23 |     9 |    72 ||   104

Table legend: (Time is in decaauts)
 A = Elapsed time spent in this place.
 B = Non-inter-level travel time spent in this place.
 C = Inter-level travel time spent in this place.
 D = Time resting spent in this place.
 E = Time spent auto-exploring this place.
 F = Levels seen in this place.
 G = Mean time per level.
                   A        B        C        D        E       F      G
               +--------+--------+--------+--------+--------+-----+--------+
         Total |  10023 |   9870 |    153 |   1413 |   7304 |  10 | 1002.3 |
       Dungeon |   8865 |   8718 |    147 |   1352 |   6392 |   8 | 1108.1 |
        Temple |     14 |      8 |      6 |      0 |      0 |   1 |   14.0 |
         Sewer |   1142 |   1142 |      0 |     61 |    912 |   1 | 1142.0 |
               +--------+--------+--------+--------+--------+-----+--------+

Top non-repeatable levels by time:
     D:7: 1621 daAuts
     D:5: 1348 daAuts
     D:2: 1244 daAuts
     D:3: 1224 daAuts
     D:4: 1194 daAuts
   Sewer: 1142 daAuts
     D:6: 1029 daAuts
     D:1: 975 daAuts
     D:8: 228 daAuts
  Temple: 14 daAuts
